 Dungeon Crawl Stone Soup version 0.32-a0-975-g85d4e5bfdb (webtiles) character file.

Game seed: 10441485663806410506

23 araganzar the Trooper (level 2, -1/36 HPs)
             Began as a Demonspawn Reaver on Apr 19, 2024.
             Slain by a ribbon worm (3 damage)
             ... on level 2 of the Dungeon.
             The game lasted 00:01:38 (924 turns).

araganzar the Trooper (Demonspawn Reaver)            Turns: 924, Time: 00:01:38

Health: -1/36      AC:  3    Str: 12    XL:     2   Next: 75%
Magic:  5/5        EV: 10    Int: 13    God:
Gold:   46         SH:  0    Dex: 11    Spells: 4/5 levels left

rFire   . . .        a - +0 hand axe
rCold   . . .        (no shield)
rNeg    . . .        b - +0 leather armour
rPois   .            (no helmet)
rElec   .            (no cloak)
rCorr   .            (no gloves)
SInv    .            (no boots)
Will    .....        (no amulet) Stlth
                     (no ring)
HPRegen 0.26/turn    (no ring)
MPRegen 0.09/turn

%: no passive effects
@: berserking, very quick
A: powered by death 1
a: no special abilities


You were on level 2 of the Dungeon.
You visited 1 branch of the dungeon, and saw 2 of its levels.

You collected 46 gold pieces.


Innate Abilities, Weirdness & Mutations

You regenerate a little health from kills.


   Skills:
 * Level 3.3 Fighting
 - Level 2.6 Axes
 - Level 1.7 Dodging
 - Level 2.0 Spellcasting
 - Level 3.0 Conjurations


You had 4 spell levels left.
You knew the following spells:

 Your Spells              Type           Power      Damage    Failure   Level
a - Kiss of Death         Conj/Necr      20%        2d7       17%         1

Your spell library contained the following spells:

 Spells                   Type           Power      Damage    Failure   Level
 Momentum Strike          Conj/Tloc      10%        3d8       26%         2
 Scorch                   Fire           2%         2d5       43%         2
 Hailstorm                Conj/Ice       5%         3d5       45%         3
 Inner Flame              Hex/Fire       1%         N/A       67%         3
 Flame Wave               Conj/Fire      5%         2d5       86%         4
 Vhi's Electric Charge    Tloc/Air       2%         N/A       97%         4
 Arcjolt                  Conj/Air       2%         1d12      99%         5
 Irradiate                Conj/Alch      2%         3d12      99%         5
 Plasma Beam              Fire/Air       0%         2x1d10    100%        6
 Summon Cactus Giant      Summ           0%         N/A       100%        6
 Ignition                 Fire           0%         3d3       100%        8

Inventory:

Hand Weapons
 a - a +0 hand axe (weapon)
Armour
 b - a +0 leather armour (worn)
Scrolls
 c - 2 scrolls of teleportation {unknown}
 d - 2 scrolls of amnesia {unknown}
 f - a scroll of revelation {unknown}

.. #.#.###...####.
..##...##........
#.....##.......#
#..............### #....#
........... #....#
##.....## #...# ##..<†...#
###w.# ##........#
#>.@.###.........###
#######...###.............
#........## #.............
........#####.......#...#.
#..........###.....##...#.
#......###.........##.....
#.......................##
#.......#####.......#...#
#...... #.<.....#...#


You could see a ribbon worm.


Message History

You take 8 damage, and have 14/24 hp.
MASSIVE DAMAGE!!
You hit the ribbon worm. The ribbon worm bites you.
You take 5 damage, and have 9/24 hp.
MASSIVE DAMAGE!!
You hit the ribbon worm.
The ribbon worm expels a string of sticky webbing.
The stream of webbing hits you but does no damage.
You are caught in a web!
There is a web here.
The web tears apart.
You hit the ribbon worm. The ribbon worm bites you.
You take 1 damage, and have 8/24 hp.
You barely miss the ribbon worm. The ribbon worm barely misses you.
You hit the ribbon worm but do no damage.
The ribbon worm expels a string of sticky webbing.
The stream of webbing hits you but does no damage.
You are caught in a web!
Unknown command.
The web tears apart.
You hit the ribbon worm.
The ribbon worm bites you but does no damage.
You hit the ribbon worm. The ribbon worm bites you!
* * * LOW HITPOINT WARNING * * *
You take 8 damage, and have 1/24 hp.
MASSIVE DAMAGE!!
It was a potion of berserk rage.
A red film seems to cover your vision as you go berserk!
You feel yourself moving faster!
You feel mighty! The ribbon worm bites you.
You die...

Action                     || total
---------------------------++-------
  Melee: Hand axe          ||    76
    Use: Potion            ||     1
 Armour: Leather armour    ||    64
  Dodge: Dodged            ||    60

Levels and vault maps discovered:
D:1:      moated_graveyard_arrival, layout_basic, serial_shops,
          nicolae_shop_peninsula
D:2:      cheibrodos_helix_gallery, layout_rooms, ebering_ecumenical_altar_box,
          nicolae_grassy_gnolls

Notes
Turn   | Place    | Note
-------+----------+-------------------------------------------
     0 | D:1      | araganzar the Demonspawn Reaver began the quest for the
                  | Orb.
     0 | D:1      | Reached XP level 1. HP: 16/16 MP: 3/3
   249 | D:1      | Gained mutation: You regenerate a little health from kills.
                  | [demonic ancestry]
   249 | D:1      | Reached XP level 2. HP: 23/23 MP: 5/5
   433 | D:1      | Reached skill level 3 in Fighting
   509 | D:1      | Found Caan's Jewellery Shoppe.
   923 | D:2      | HP: 1/24 [ribbon worm (8)]
   924 | D:2      | Slain by a ribbon worm

Vanquished Creatures
  2 ball pythons (D:1)
  2 bats (D:1)
  An endoplasm (D:1)
  5 goblins (D:1)
  A hobgoblin (D:1)
  3 jackals
  A quokka (D:1)
  A frilled lizard (D:1)
  A kobold (D:1)
  4 rats
21 creatures vanquished.
